HSSL
JOHN JAY HS PATRIOTS @ COWETA HS TIGERS
05/08/2027
 
TOP OF THE 1ST
John Jay HS Patriots batting - Pitching for Coweta HS Tigers : RHP Ron Hawkins
Pitching: RHP Ron Hawkins
Batting: RHB Nick Simmons 0-0: Called Strike
0-1: Foul Ball, location: 2F
0-2: Strikes out swinging
Batting: RHB Jeff Benson 0-0: Ground out 4-3 (Groundball, 4)
Now at 2B: Eddie Fisher
Batting: RHB Ronald Cleveland 0-0: Foul Ball, location: 2F
0-1: Ball
1-1: Ball
2-1: Fly out, F8 (Flyball, 8LM)
Top of the 1st over - 0 run(s), 0 hit(s), 0 error(s), 0 left on base; John Jay HS 0 - Coweta HS 0
BOTTOM OF THE 1ST
Coweta HS Tigers batting - Pitching for John Jay HS Patriots : RHP Bill Ladner
Pitching: RHP Bill Ladner
Batting: LHB Jamie Walker 0-0: Ball
1-0: Fly out, F8 (Flyball, 8LM)
Batting: RHB Luis Brito 0-0: Ball
1-0: Foul Ball, location: 2F
1-1: Foul Ball, location: 2F
1-2: DOUBLE (Flyball, 78D)
Batting: LHB Vito Ramírez 0-0: Ball
1-0: Swinging Strike
1-1: Ball
2-1: Foul Ball, location: 2F
2-2: Foul Ball, location: 2F
2-2: Foul Ball, location: 2F
2-2: Ball
3-2: SINGLE (Flyball, 7S)
Luis Brito to third
Batting: RHB Dan Britt 0-0: Ball
1-0: Ball
2-0: Foul Ball, location: 2F
2-1: Ball
3-1: Foul Ball, location: 2F
3-2: Foul Ball, location: 2F
3-2: SINGLE (Groundball, 56D)
Luis Brito scores
Vito Ramírez to second
Batting: RHB Garth O'Flahavan 0-0: Called Strike
0-1: Ball
1-1: Ball
2-1: Swinging Strike
2-2: Strikes out swinging
Batting: RHB Bill Tremblay 0-0: Fly out, F9 (Flyball, 9S)
Bottom of the 1st over - 1 run(s), 3 hit(s), 0 error(s), 2 left on base; John Jay HS 0 - Coweta HS 1
TOP OF THE 2ND
John Jay HS Patriots batting - Pitching for Coweta HS Tigers : RHP Ron Hawkins
Batting: RHB Weldon Bell 0-0: Foul Ball, location: 2F
0-1: Ball
1-1: Ball
2-1: Foul Ball, location: 2F
2-2: Foul Ball, location: 2F
2-2: Ball
3-2: Base on Balls
Batting: SHB Oliver Miles 0-0: Called Strike
0-1: Ball
1-1: Foul Ball, location: 2F
1-2: Strikes out looking
Weldon Bell steals 2nd base
Batter strikes out.
Batting: RHB Nick Carter 0-0: Ball
1-0: Ball
2-0: Called Strike
2-1: Ball
3-1: Foul Ball, location: 2F
3-2: Strikes out swinging
Batting: RHB Broderick Banks 0-0: Ball
1-0: Foul Ball, location: 2F
1-1: Swinging Strike
1-2: Foul Ball, location: 2F
1-2: Strikes out looking
Top of the 2nd over - 0 run(s), 0 hit(s), 0 error(s), 1 left on base; John Jay HS 0 - Coweta HS 1
BOTTOM OF THE 2ND
Coweta HS Tigers batting - Pitching for John Jay HS Patriots : RHP Bill Ladner
Batting: RHB Eddie Fisher 0-0: Ball
1-0: Ball
2-0: Ball
3-0: Called Strike
3-1: Called Strike
3-2: Ground out 4-3 (Groundball, 4M)
Batting: RHB Will Fields 0-0: Foul Ball, location: 2F
0-1: Swinging Strike
0-2: Ball
1-2: Ball
2-2: Ball
3-2: SINGLE (Groundball, 56D)
Batting: RHB Todd Slater 0-0: Fly out, F7 (Flyball, 78D)
Batting: LHB Jamie Walker 0-0: Fielders Choice at 2nd, 4-6 (Groundball, 34)
Bottom of the 2nd over - 0 run(s), 1 hit(s), 0 error(s), 0 left on base; John Jay HS 0 - Coweta HS 1
TOP OF THE 3RD
John Jay HS Patriots batting - Pitching for Coweta HS Tigers : RHP Ron Hawkins
Batting: LHB Norberto Garza 0-0: Ball
1-0: DOUBLE (Groundball, 3L)
Batting: RHB Dave Hayes 0-0: Ball
1-0: Ball
2-0: Called Strike
2-1: Ball
3-1: Base on Balls
Batting: RHB Nick Simmons 0-0: SINGLE (Line Drive, 4D)
Norberto Garza to third
Dave Hayes to second
Batting: RHB Jeff Benson 0-0: Ball
1-0: Called Strike
1-1: Ball
2-1: Ball
3-1: Base on Balls
Norberto Garza scores
Dave Hayes to third
Nick Simmons to second
Batting: RHB Ronald Cleveland 0-0: Called Strike
0-1: Foul Ball, location: 2F
0-2: Ball
1-2: Ball
2-2: Ball
3-2: Fly out, F7 (Line Drive, 78M)
Runner from 3rd tags up, SCORES, throw made
Batting: RHB Weldon Bell 0-0: Ball
Nick Simmons steals 3rd base
Jeff Benson to second
1-0: Ball
2-0: Ball
3-0: Base on Balls
Batting: SHB Oliver Miles 0-0: Ball
1-0: Ball
2-0: Called Strike
2-1: Ball
3-1: Swinging Strike
3-2: Foul Ball, location: 2F
3-2: Foul Ball, location: 2F
3-2: Base on Balls
Nick Simmons scores
Jeff Benson to third
Weldon Bell to second
Batting: RHB Nick Carter 0-0: Ball
1-0: Foul Ball, location: 2F
1-1: Called Strike
1-2: Ball
2-2: Strikes out swinging
Batting: RHB Broderick Banks 0-0: Fly out, F1 (Line Drive, 13)
Top of the 3rd over - 3 run(s), 2 hit(s), 0 error(s), 3 left on base; John Jay HS 3 - Coweta HS 1
BOTTOM OF THE 3RD
Coweta HS Tigers batting - Pitching for John Jay HS Patriots : RHP Bill Ladner
Batting: RHB Luis Brito 0-0: SINGLE (Line Drive, 7S)
Batting: LHB Vito Ramírez 0-0: Ball
1-0: Foul Ball, location: 2F
1-1: Swinging Strike
1-2: Ball
2-2: Foul Ball, location: 2F
2-2: Foul Ball, location: 2F
2-2: Ball
3-2: SINGLE (Groundball, 4MD)
Luis Brito to second
Batting: RHB Dan Britt 0-0: Called Strike
0-1: Ball
1-1: Called Strike
1-2: SINGLE (Groundball, 4D)
Luis Brito to third
Vito Ramírez to second
Batting: RHB Garth O'Flahavan 0-0: Ball
1-0: Ball
2-0: Called Strike
2-1: Ball
3-1: Base on Balls
Luis Brito scores
Vito Ramírez to third
Dan Britt to second
Batting: RHB Bill Tremblay 0-0: Swinging Strike
0-1: Ball
1-1: Fielders Choice at 2nd, 5-4 (Groundball, 5)
Vito Ramírez scores
Dan Britt to third
Batting: RHB Eddie Fisher 0-0: Ball
Bill Tremblay steals 2nd base
1-0: Called Strike
1-1: Foul Ball, location: 2F
1-2: Ball
2-2: Strikes out looking
Batting: RHB Will Fields 0-0: Fly out, F4 (Popup, 4D)
Bottom of the 3rd over - 2 run(s), 3 hit(s), 0 error(s), 2 left on base; John Jay HS 3 - Coweta HS 3
TOP OF THE 4TH
John Jay HS Patriots batting - Pitching for Coweta HS Tigers : RHP Ron Hawkins
Batting: LHB Norberto Garza 0-0: Ball
1-0: SOLO HOME RUN (Flyball, 8RXD), Distance : 444 ft
Batting: RHB Dave Hayes 0-0: Swinging Strike
0-1: Ball
1-1: Foul Ball, location: 2F
1-2: Strikes out swinging
Batting: RHB Nick Simmons 0-0: Ball
1-0: Called Strike
1-1: Ball
2-1: Swinging Strike
2-2: Foul Ball, location: 2F
2-2: Ball
3-2: Hit by Pitch
Pitching: RHP Billy Cole
Batting: RHB Jeff Benson 0-0: Ball
1-0: Foul Ball, location: 2F
1-1: Called Strike
Nick Simmons steals 2nd base
1-2: Foul Ball, location: 2F
1-2: Ball
2-2: Strikes out swinging
Batting: RHB Ronald Cleveland 0-0: Ball
1-0: Ball
2-0: Foul Ball, location: 2F
2-1: Ball
3-1: Base on Balls
Batting: RHB Weldon Bell 0-0: Ball
1-0: Fly out, F9 (Flyball, 89M)
Top of the 4th over - 1 run(s), 1 hit(s), 0 error(s), 2 left on base; John Jay HS 4 - Coweta HS 3
BOTTOM OF THE 4TH
Coweta HS Tigers batting - Pitching for John Jay HS Patriots : RHP Bill Ladner
Batting: RHB Todd Slater 0-0: Called Strike
0-1: Swinging Strike
0-2: Ball
1-2: Foul Ball, location: 2F
1-2: Ball
2-2: Ball
3-2: Base on Balls
Batting: LHB Jamie Walker 0-0: Swinging Strike
0-1: DOUBLE (Line Drive, 78S)
Todd Slater to third
Batting: RHB Luis Brito 0-0: Called Strike
0-1: Ground out 1-3 (Groundball, 13S)
Batting: LHB Vito Ramírez 0-0: Fly out, F6 (Popup, 6MS)
Pitching: RHP Matt Warren
Batting: RHB Dan Britt 0-0: Ball
1-0: Foul Ball, location: 2F
1-1: Ground out 4-3 (Groundball, 4)
Bottom of the 4th over - 0 run(s), 1 hit(s), 0 error(s), 2 left on base; John Jay HS 4 - Coweta HS 3
TOP OF THE 5TH
John Jay HS Patriots batting - Pitching for Coweta HS Tigers : RHP Billy Cole
Batting: SHB Oliver Miles 0-0: Ball
1-0: Ball
2-0: Foul Ball, location: 2F
2-1: Foul Ball, location: 2F
2-2: Foul Ball, location: 2F
2-2: Ball
3-2: Foul Ball, location: 2F
3-2: SINGLE (Line Drive, 8RM)
Batting: RHB Nick Carter 0-0: Called Strike
0-1: Swinging Strike
0-2: Strikes out swinging
Batting: RHB Broderick Banks 0-0: Ball
1-0: Called Strike
1-1: Called Strike
1-2: Fly out, F9 (Flyball, 9)
Batting: LHB Norberto Garza 0-0: Called Strike
0-1: Ball
1-1: Ball
2-1: Foul Ball, location: 2F
2-2: Foul Ball, location: 2F
2-2: SINGLE (Groundball, 6MD)
Oliver Miles to second
Batting: RHB Dave Hayes 0-0: Foul Ball, location: 2F
0-1: Ball
Wild Pitch!
Oliver Miles to third
Norberto Garza to second
1-1: Ball
2-1: Ball
3-1: Base on Balls
Batting: RHB Nick Simmons 0-0: Called Strike
0-1: Ball
1-1: Ball
2-1: Ball
3-1: Base on Balls
Oliver Miles scores
Norberto Garza to third
Dave Hayes to second
Batting: RHB Jeff Benson 0-0: Ball
1-0: Ball
2-0: Called Strike
2-1: Ball
3-1: Foul Ball, location: 2F
3-2: Base on Balls
Norberto Garza scores
Dave Hayes to third
Nick Simmons to second
Pitching: LHP Martin Goodwyn
Batting: RHB Ronald Cleveland 0-0: Called Strike
0-1: Foul Ball, location: 2F
0-2: Foul Ball, location: 2F
0-2: Ball
Wild Pitch!
Dave Hayes scores
Nick Simmons to third
Jeff Benson to second
1-2: Ball
2-2: Strikes out swinging
Top of the 5th over - 3 run(s), 2 hit(s), 0 error(s), 2 left on base; John Jay HS 7 - Coweta HS 3
BOTTOM OF THE 5TH
Coweta HS Tigers batting - Pitching for John Jay HS Patriots : RHP Matt Warren
Batting: RHB Garth O'Flahavan 0-0: Ball
1-0: Ball
2-0: Ball
3-0: Base on Balls
Batting: RHB Bill Tremblay 0-0: Ball
1-0: Ball
2-0: SINGLE (Flyball, 89S)
Garth O'Flahavan to second
Batting: RHB Eddie Fisher 0-0: Called Strike
0-1: Fly out, F8 (Flyball, 8RM)
Batting: RHB Will Fields 0-0: Called Strike
0-1: Foul Ball, location: 2F
0-2: Ball
1-2: Reached on error, E6 (Groundball, 6M)
Garth O'Flahavan to third
Bill Tremblay to second
Batting: RHB Todd Slater 0-0: Foul Ball, location: 2F
0-1: Ball
1-1: Grounds into fielders choice 1-2 (Groundball, P)
Bill Tremblay to third
Will Fields to second
Batting: LHB Jamie Walker 0-0: Called Strike
0-1: Fly out, F8 (Flyball, 8RD)
Bottom of the 5th over - 0 run(s), 1 hit(s), 1 error(s), 3 left on base; John Jay HS 7 - Coweta HS 3
TOP OF THE 6TH
John Jay HS Patriots batting - Pitching for Coweta HS Tigers : LHP Martin Goodwyn
Batting: RHB Weldon Bell 0-0: Called Strike
0-1: Foul Ball, location: 2F
0-2: Ball
1-2: Ball
2-2: SINGLE (Line Drive, 56S)
Batting: SHB Oliver Miles 0-0: Called Strike
0-1: Ball
1-1: Ball
2-1: Swinging Strike
2-2: Ball
3-2: Strikes out looking
Batting: RHB Nick Carter 0-0: Ball
1-0: Called Strike
1-1: Foul Ball, location: 2F
1-2: Foul Ball, location: 2F
1-2: Ball
2-2: Strikes out swinging
Batting: RHB Broderick Banks 0-0: Ball
1-0: Ball
2-0: Swinging Strike
2-1: Ball
3-1: Base on Balls
Weldon Bell to second
Batting: LHB Norberto Garza 0-0: Called Strike
0-1: Foul Ball, location: 2F
0-2: Ball
1-2: Ball
2-2: Ball
3-2: Strikes out swinging
Top of the 6th over - 0 run(s), 1 hit(s), 0 error(s), 2 left on base; John Jay HS 7 - Coweta HS 3
BOTTOM OF THE 6TH
Coweta HS Tigers batting - Pitching for John Jay HS Patriots : RHP Matt Warren
Batting: RHB Luis Brito 0-0: Ground out 4-3 (Groundball, 4)
Batting: LHB Vito Ramírez 0-0: Called Strike
0-1: Foul Ball, location: 2F
0-2: Hit by Pitch
Batting: RHB Dan Britt 0-0: Ball
1-0: Ball
2-0: Called Strike
2-1: Foul Ball, location: 2F
2-2: Ball
3-2: SINGLE (Line Drive, 8RS)
Vito Ramírez to second
Batting: RHB Garth O'Flahavan 0-0: Ball
Wild Pitch!
Vito Ramírez to third
Dan Britt to second
1-0: Called Strike
1-1: Swinging Strike
1-2: Ball
2-2: Strikes out looking
Batting: RHB Bill Tremblay 0-0: Ball
1-0: SINGLE (Line Drive, 34D)
Vito Ramírez scores
Dan Britt to third
Runner from 3rd tries for Home, SAFE, throw made home
Bill Tremblay to second
Batting: RHB Eddie Fisher 0-0: Ball
1-0: SINGLE (Groundball, 34S) (infield hit)
Bill Tremblay to third
Batting: RHB Will Fields 0-0: Ball
1-0: Fielders Choice at 2nd, 5-4 (Groundball, 5)
Bottom of the 6th over - 2 run(s), 3 hit(s), 0 error(s), 1 left on base; John Jay HS 7 - Coweta HS 5
TOP OF THE 7TH
John Jay HS Patriots batting - Pitching for Coweta HS Tigers : LHP Martin Goodwyn
Batting: RHB Dave Hayes 0-0: Called Strike
0-1: Fly out, F8 (Flyball, 8RS)
Batting: RHB Nick Simmons 0-0: Ball
1-0: Called Strike
1-1: Ball
2-1: Foul Ball, location: 2F
2-2: Ground out 4-3 (Groundball, 4)
Pitching: RHP Mario Salazar
Batting: RHB Jeff Benson 0-0: Ground out 1-3 (Groundball, 13S)
Top of the 7th over - 0 run(s), 0 hit(s), 0 error(s), 0 left on base; John Jay HS 7 - Coweta HS 5
BOTTOM OF THE 7TH
Coweta HS Tigers batting - Pitching for John Jay HS Patriots : RHP Matt Warren
Batting: RHB Todd Slater 0-0: Called Strike
0-1: Called Strike
0-2: Ground out 6-3 (Groundball, 6)
Batting: LHB Jamie Walker 0-0: Called Strike
0-1: SINGLE (Flyball, 8LS)
Batting: RHB Luis Brito 0-0: Ball
1-0: Grounds into double play, 4-6-3 (Groundball, 4)
Bottom of the 7th over - 0 run(s), 1 hit(s), 0 error(s), 0 left on base; John Jay HS 7 - Coweta HS 5
TOP OF THE 8TH
John Jay HS Patriots batting - Pitching for Coweta HS Tigers : RHP Mario Salazar
Batting: RHB Ronald Cleveland 0-0: Ball
1-0: Foul Ball, location: 2F
1-1: Swinging Strike
1-2: Foul Ball, location: 2F
1-2: Ball
2-2: Foul Ball, location: 2F
2-2: Ground out 6-3 (Groundball, 6M)
Batting: RHB Weldon Bell 0-0: Ball
1-0: Called Strike
1-1: Foul Ball, location: 2F
1-2: Ball
2-2: Ball
3-2: Fly out, F3 (Popup, 34)
Batting: SHB Oliver Miles 0-0: Called Strike
0-1: Called Strike
0-2: Ball
1-2: Ball
2-2: Ball
3-2: Foul Ball, location: 2F
3-2: Ground out 3-1 (Groundball, 34)
Top of the 8th over - 0 run(s), 0 hit(s), 0 error(s), 0 left on base; John Jay HS 7 - Coweta HS 5
BOTTOM OF THE 8TH
Coweta HS Tigers batting - Pitching for John Jay HS Patriots : RHP Matt Warren
Batting: LHB Vito Ramírez 0-0: Ball
1-0: Foul Ball, location: 2F
1-1: SINGLE (Flyball, 89S)
Batting: RHB Dan Britt 0-0: Ball
1-0: Foul Ball, location: 2F
1-1: Ground out 5-3 (Groundball, 56S)
Vito Ramírez to second
Batting: RHB Garth O'Flahavan 0-0: Called Strike
0-1: Ground out 5-3 (Groundball, 5)
Pitching: RHP José Ramírez
Batting: RHB Bill Tremblay 0-0: Called Strike
0-1: SINGLE (Line Drive, 9S)
Vito Ramírez to third
Runner from 3rd tries for Home, SAFE, no throw
Batting: RHB Eddie Fisher 0-0: Swinging Strike
0-1: Foul Ball, location: 2F
0-2: Ball
1-2: Ball
2-2: Foul Ball, location: 2F
2-2: Fly out, F7 (Line Drive, 7)
Bottom of the 8th over - 1 run(s), 2 hit(s), 0 error(s), 1 left on base; John Jay HS 7 - Coweta HS 6
TOP OF THE 9TH
John Jay HS Patriots batting - Pitching for Coweta HS Tigers : RHP Mario Salazar
Batting: RHB Nick Carter 0-0: Foul Ball, location: 2F
0-1: Foul Ball, location: 2F
0-2: Fly out, F7 (Line Drive, 7)
Batting: RHB Broderick Banks 0-0: Called Strike
0-1: Ball
1-1: Swinging Strike
1-2: Strikes out swinging
Batting: LHB Norberto Garza 0-0: Ball
1-0: Ball
2-0: Foul Ball, location: 2F
2-1: Ground out 4-3 (Groundball, 4)
Top of the 9th over - 0 run(s), 0 hit(s), 0 error(s), 0 left on base; John Jay HS 7 - Coweta HS 6
BOTTOM OF THE 9TH
Coweta HS Tigers batting - Pitching for John Jay HS Patriots : RHP José Ramírez
Pitching: LHP Steve O'Farrell
Batting: RHB Will Fields 0-0: Called Strike
0-1: Foul Ball, location: 2F
0-2: Foul Ball, location: 2F
0-2: Foul Ball, location: 2F
0-2: Strikes out looking
Batting: RHB Todd Slater 0-0: Ball
1-0: Foul Ball, location: 2F
1-1: Ball
2-1: Ground out 6-3 (Groundball, 6)
Batting: LHB Jamie Walker 0-0: Ball
1-0: Ball
2-0: Ball
3-0: Base on Balls
Batting: RHB Luis Brito 0-0: Called Strike
0-1: Ball
1-1: Ball
2-1: Foul Ball, location: 2F
2-2: Strikes out swinging
Bottom of the 9th over - 0 run(s), 0 hit(s), 0 error(s), 1 left on base; John Jay HS 7 - Coweta HS 6
Thursday, March 30th, 2017 - OOTP Baseball 17.12 Build 75